 Dungeon Crawl Stone Soup version 0.31.0-4-g52a2dc7128 (webtiles) character file.

Game seed: 10003414697537396972

28140 MollyMolluskus the Grappler (level 13, 0/94 HPs)
             Began as an Octopode Fighter on Jan 21, 2024.
             Was a Priest of Wu Jian.
             Slain by a demonic crawler (14 damage)
             ... on level 2 of the Lair of Beasts.
             The game lasted 00:53:22 (14952 turns).

MollyMolluskus the Grappler (Octopode Fighter)     Turns: 14952, Time: 00:53:23

Health: 0/94       AC:  3    Str: 21    XL:     13   Next: 36%
Magic:  13/13      EV: 15    Int: 10    God:    Wu Jian [***...]
Gold:   1004       SH:  8    Dex: 11    Spells: 9/12 levels left

rFire   + +          .
                       - Unarmed
rCold   . . .        p - +3 warlock's mirror {omnireflect}
rNeg    . . .        i - +2 hat
rPois   .            (no amulet)
rElec   .            z - ring of resist corrosion
rCorr   +            B - ring of see invisible
SInv    +            (no ring)
Will    .....        l - ring of wizardry
Stlth   +++++        b - ring of protection from fire
HPRegen 0.35/turn    q - ring of protection from fire
MPRegen 0.13/turn    (no ring)
                     (no ring)

%: reflection, wizardry (x1)
@: exhausted
A: almost no armour, amphibious, 8 rings, camouflage 1, gelatinous body 1,
nimble swimmer 1, tentacles
a: Renounce Religion, Wall Jump, Serpent's Lash


You were on level 2 of the Lair of Beasts.
You worshipped Wu Jian.
Wu Jian was most pleased with you.
You visited 3 branches of the dungeon, and saw 15 of its levels.

You collected 1163 gold pieces.
You spent 159 gold pieces at shops.

Inventory:

Missiles
 c - 19 poisoned darts
 f - 3 curare-tipped darts
 h - 3 throwing nets
 r - 8 boomerangs (quivered)
Armour
 i - a +2 hat (worn)
 p - the +3 warlock's mirror (worn) {omnireflect}
   (You acquired it on level 4 of the Dungeon)

   Omnireflect: It can block and reflect piercing ranged attacks and magical
   attacks against the wielder's willpower.
Jewellery
 b - a ring of protection from fire (on tentacle)
 l - a ring of wizardry (on tentacle)
 q - a ring of protection from fire (on tentacle)
 v - a ring of fire
 z - a ring of resist corrosion (left tentacle)
 B - a ring of see invisible (right tentacle)
Talismans
 A - a dragon-blood talisman
 C - a serpent talisman
Wands
 m - a wand of quicksilver (4)
 s - a wand of flame (31)
 u - a wand of digging (7)
 E - a wand of paralysis (4)
Scrolls
 n - 6 scrolls of teleportation
 t - 2 scrolls of revelation
 w - a scroll of immolation
 x - a scroll of poison
 y - 3 scrolls of enchant weapon
 D - a scroll of identify
 F - a scroll of silence
Potions
 a - a potion of haste
 d - a potion of mutation
 e - 2 potions of curing
 j - 2 potions of resistance
 k - a potion of invisibility
 o - 2 potions of ambrosia


   Skills:
 + Level 10.9 Fighting
 - Level 8.0 Dodging
 - Level 6.0 Stealth
 - Level 6.0 Shields
 * Level 14.5 Unarmed Combat
 - Level 8.0 Evocations
 + Level 5.4 Shapeshifting


You had 9 spell levels left.
You knew the following spells:

 Your Spells              Type           Power      Damage    Failure   Level
a - Fugue of the Fallen   Necr           0%         N/A       45%         3

Your spell library contained the following spells:

 Spells                   Type           Power      Damage    Failure   Level
 Apportation              Tloc           0%         N/A       17%         1
 Necrotise                Necr           0%         1d4       17%         1
 Sandblast                Erth           0%         2d4       17%         1
 Sting                    Conj/Alch      0%         1d3       17%         1
 Summon Small Mammal      Summ           0%         N/A       17%         1
 Static Discharge         Conj/Air       0%         3-3/arc   26%         2
 Dazzling Flash           Conj/Hex       0%         N/A       45%         3
 Ozocubu's Armour         Ice            0%         N/A       45%         3
 Passwall                 Erth           0%         N/A       45%         3
 Stone Arrow              Conj/Erth      0%         3d7       45%         3
 Volatile Blastmotes      Fire/Tloc      0%         2d10      45%         3
 Airstrike                Air            0%         2d(0-16)  85%         4
 Brom's Barrelling Bould  Conj/Erth      0%         2d3       85%         4
 Manifold Assault         Tloc           0%         N/A       85%         4
 Summon Lightning Spire   Summ/Air       0%         N/A       85%         4
 Starburst                Conj/Fire      0%         6d3       100%        6
 Lehudib's Crystal Spear  Conj/Erth      0%         10d2      100%        8
 Maxwell's Capacitive Co  Air            0%         ∞         100%        8
 Animate Armour           Summ/Erth      Unusable   N/A       N/A         4

Dungeon Overview and Level Annotations

Branches:
Dungeon (12/15)            Temple (1/1) D:5            Lair (2/5) D:9
  Swamp (0/4) Lair:2       Spider (0/4) Lair:2          Orc (0/2) D:11

Altars:
Ashenzari
Cheibriados
Dithmenos
Elyvilon
Fedhas
Gozag
Hepliaklqana
Kikubaaqudgha
Makhleb
Nemelex Xobeh
Okawaru
Qazlal
Ru
Sif Muna
Trog
Uskayaw
Vehumet
Wu Jian
Xom
Yredelemnul
Zin
The Shining One

Shops:
D:4 (   D:9 ?:   D:12 *


Innate Abilities, Weirdness & Mutations

You cannot wear most types of armour.
You are amphibious.
You can wear up to eight rings at the same time.
Your skin changes colour to match your surroundings (Stealth+).
Your rubbery body absorbs attacks. (AC +1, EV +1)
You are camouflaged when in or above water. (Stealth+)
You have tentacles for arms and can constrict up to eight enemies at once.


Message History

You repeatedly attack the swamp worm from above, with incredible momentum.
You batter the swamp worm!!
You kill the swamp worm!
The Council accepts your kill.
You repeatedly attack the swamp worm from above, with incredible momentum.
You batter the swamp worm!!
You kill the swamp worm!
The Council accepts your kill.
You repeatedly attack the swamp worm from above, with incredible momentum.
You tentacle-slap the swamp worm.
The swamp worm is lightly wounded.
You batter the swamp worm!! You grab the swamp worm.
The swamp worm is severely wounded.
You bludgeon the swamp worm!
You kill the swamp worm!
The Council accepts your kill.
Your supernatural speed expires.
Unknown command.
Unknown command.
You closely miss the demonic crawler.
Your tentacle-slap misses the demonic crawler.
You squeeze the demonic crawler!
The demonic crawler is lightly wounded.
The demonic crawler closely misses you. The demonic crawler barely misses you.
The demonic crawler misses you.
You bludgeon the demonic crawler!
The demonic crawler is moderately wounded.
The demonic crawler hits you but does no damage.
The demonic crawler barely misses you. The demonic crawler hits you.
* * * LOW HITPOINT WARNING * * *
You bludgeon the demonic crawler!
The demonic crawler is heavily wounded.
You block the demonic crawler's attack. The demonic crawler hits you!
* * * LOW HITPOINT WARNING * * *
The demonic crawler hits you.
* * * LOW HITPOINT WARNING * * *
You barely miss the demonic crawler.
The demonic crawler is moderately wounded.
A nearby plant withers and dies.
The demonic crawler hits you!
You die...

..... .##...
##..............# .....
......###P...P.........#
.....
.................###...##
.....
.................#.#...†.
.....
.....~~~~~.............##
.....
#.~~~~~~~.............#
.....
#.~≈P~~≈~......########
..... ~.~~##s##~~.....#
..... . #°~@#~~~....#
.... ..~≈ #~†~##≈~....#
... ..~~#~~~~~#)~....#
#~≈##~~~##≈~....##
#~~~#~~~#~~~.....#
#P~~##~##~~.....##
#~.~≈###~~..#####
#.~~≈~≈~~PP# #..~~~~~..##


You could see a demonic crawler.

Vanquished Creatures
  The ghost of Curundu the Severer, a journeyman MiBe of Trog (D:12)
  Erolcha (D:11)
  2 two-headed ogres
  3 boulder beetles
  Sonja (Lair:1)
  Pikel (D:9)
  A manticore (D:6)
  2 cyclopes (D:12)
  A salamander (Lair:2)
  3 black mambas
  5 elephants (Lair:2)
  4 cane toads (Lair:1)
  A gargoyle (D:10)
  4 komodo dragons
  A rime drake (Lair:2)
  An unseen horror (D:10)
  3 trolls
  A troll (shapeshifter) (D:12)
  Grinder (D:5)
  2 hornets (D:10)
  13 blink frogs
  A shadow (D:12)
  22 yaks
  5 wyverns
  4 wraiths
  2 basilisks (D:12)
  2 steam dragons
  9 vampire mosquitoes
  3 swamp worms (Lair:2)
  Duvessa (D:5)
  3 acid dragons
  6 water moccasins
  4 orc warriors
  A sky beast (D:5)
  3 ice beasts
  An ogre (D:6)
  6 centaurs
  2 lemures (D:9)
  A phantom (D:5)
  3 gnoll sergeants
  2 kobold brigands (D:9)
  Blork the orc (D:5)
  4 bullfrogs
  4 scorpions
  Dowan (D:5)
  8 wights
  12 killer bees
  2 bombardier beetles
  A howler monkey (D:7)
  An electric eel (Lair:1)
  A hound (D:6)
  2 orc priests
  2 gnoll boudas
  2 jellies
  Ijyb (D:3)
  6 iguanas
  3 orc wizards
  Robin (D:4)
  20 gnolls
  5 adders
  A shadow imp (D:7)
  6 ufetubi
  A dart slug (D:4)
  3 ribbon worms
  27 orcs
  8 ball pythons
  6 endoplasms
  5 giant cockroaches
  17 goblins
  11 hobgoblins
  16 kobolds
  6 quokkas
  7 bats
  2 frilled lizards (D:1)
  4 rats
330 creatures vanquished.

Notes
Turn   | Place    | Note
-------+----------+-------------------------------------------
     0 | D:1      | MollyMolluskus the Octopode Fighter began the quest for the
                  | Orb.
     0 | D:1      | Reached XP level 1. HP: 16/16 MP: 1/1
   139 | D:1      | Reached XP level 2. HP: 21/21 MP: 2/2
   170 | D:1      | Reached skill level 1 in Stealth
   172 | D:1      | You fall into a shaft and drop 1 floor!
   480 | D:1      | Reached XP level 3. HP: 23/26 MP: 3/3
  1150 | D:2      | Reached XP level 4. HP: 28/31 MP: 4/4
  1239 | D:2      | Reached skill level 3 in Unarmed Combat
  1828 | D:3      | Reached XP level 5. HP: 36/36 MP: 5/5
  1990 | D:3      | Noticed Ijyb
  1991 | D:3      | Paralysed by Ijyb for 5 turns
  1998 | D:3      | Paralysed by Ijyb for 5 turns
  2007 | D:3      | Paralysed by Ijyb for 2 turns
  2014 | D:3      | Killed Ijyb
  2628 | D:4      | Reached XP level 6. HP: 40/43 MP: 6/6
  2667 | D:4      | Reached skill level 4 in Unarmed Combat
  2667 | D:4      | Reached skill level 1 in Evocations
  2812 | D:4      | Found Gehimam's Antique Weapon Shoppe.
  2997 | D:4      | Identified a scroll of acquirement
  2997 | D:4      | Acquired the +3 warlock's mirror {omnireflect}
  2997 | D:4      | Found the +3 warlock's mirror {omnireflect}
  3164 | D:4      | Noticed Robin
  3490 | D:4      | Killed Robin
  3545 | D:5      | Entered Level 5 of the Dungeon
  3670 | D:5      | Noticed Blork the orc
  3678 | D:5      | Noticed an ice beast
  3714 | D:5      | Killed Blork the orc
  3715 | D:5      | Reached XP level 7. HP: 21/48 MP: 7/7
  3885 | D:5      | Noticed Duvessa
  3886 | D:5      | Noticed Dowan
  3896 | D:5      | Killed Duvessa
  3897 | D:5      | Killed Dowan
  4017 | D:5      | Reached skill level 5 in Unarmed Combat
  4024 | D:5      | Noticed Grinder
  4043 | D:5      | Reached XP level 8. HP: 41/54 MP: 8/8
  4045 | D:5      | Killed Grinder
  4238 | D:5      | Found a staircase to the Ecumenical Temple.
  4244 | Temple   | Entered the Ecumenical Temple
  4452 | D:6      | Reached skill level 5 in Stealth
  4532 | D:6      | Noticed a manticore
  4536 | D:6      | Reached skill level 5 in Fighting
  4536 | D:6      | Reached skill level 5 in Dodging
  4536 | D:6      | Reached skill level 5 in Shields
  4545 | D:6      | Killed a manticore
  4546 | D:6      | Reached skill level 6 in Unarmed Combat
  4546 | D:6      | Reached XP level 9. HP: 43/61 MP: 9/9
  5587 | D:7      | Reached skill level 7 in Unarmed Combat
  5789 | D:7      | Found a hide-covered altar of Uskayaw.
  5790 | D:7      | Found a glowing silver altar of Zin.
  5791 | D:7      | Found a sparkling altar of Nemelex Xobeh.
  5792 | D:7      | Found a shimmering blue altar of Sif Muna.
  5915 | D:7      | Found a stormy altar of Qazlal.
  5990 | D:7      | Found an ancient bone altar of Kikubaaqudgha.
  6004 | D:7      | Found an iron altar of Okawaru.
  6693 | D:8      | Reached skill level 5 in Evocations
  6806 | D:8      | Reached skill level 8 in Unarmed Combat
  6806 | D:8      | Reached XP level 10. HP: 32/68 MP: 10/10
  7245 | D:8      | Found an ornate altar of the Wu Jian Council.
  7252 | D:8      | Became a worshipper of the Wu Jian Council
  7281 | D:8      | Learned a level 3 spell: Fugue of the Fallen
  7400 | D:8      | Noticed a two-headed ogre
  7417 | D:8      | Killed a two-headed ogre
  7865 | D:9      | Found Essoiful's Tiny Tomes.
  7877 | D:9      | Reached skill level 9 in Unarmed Combat
  8267 | D:9      | Found a staircase to the Lair.
  8553 | D:9      | Identified the +9 hand axe of Terra Nullius {drain, Int+3}
  8594 | D:9      | Found Zacwanuec's Magic Scroll Shop.
  8609 | D:9      | Reached * piety under Wu Jian
  8675 | D:9      | Bought a scroll of noise for 14 gold pieces
  8678 | D:9      | Bought a scroll of identify for 28 gold pieces
  8678 | D:9      | Bought a scroll of identify for 28 gold pieces
  8678 | D:9      | Bought 2 scrolls of identify for 56 gold pieces
  8710 | D:9      | Noticed Pikel
  8742 | D:9      | HP: 3/71 [acid dragon/splash of acid (34)]
  8901 | D:9      | Killed Pikel
  8902 | D:9      | Reached XP level 11. HP: 57/75 MP: 11/11
  9024 | D:9      | Noticed a two-headed ogre
  9036 | D:9      | Killed a two-headed ogre
  9037 | D:9      | Reached skill level 10 in Unarmed Combat
  9354 | D:10     | Entered Level 10 of the Dungeon
  9917 | D:10     | Paralysed by a hornet for 3 turns
 10122 | D:10     | Reached skill level 11 in Unarmed Combat
 10253 | D:10     | Found a shimmering altar of Xom.
 10675 | D:11     | Noticed a boulder beetle
 10685 | D:11     | Killed a boulder beetle
 10733 | D:11     | Found a radiant altar of Vehumet.
 10995 | D:11     | Reached ** piety under Wu Jian
 11094 | D:11     | Noticed Erolcha
 11101 | D:11     | Killed Erolcha
 11378 | D:11     | Identified the +0 scale mail of the Orb Guardian {rCorr
                  | Str-3 Int+2}
 11446 | D:11     | Found a staircase to the Orcish Mines.
 11642 | D:12     | Found a glowing golden altar of the Shining One.
 11652 | D:12     | Reached XP level 12. HP: 74/85 MP: 12/12
 11778 | D:12     | Reached skill level 12 in Unarmed Combat
 11780 | D:12     | Reached skill level 1 in Shapeshifting
 11913 | D:12     | Found Fudetuy's Assorted Antiques.
 12094 | D:12     | Bought a scroll labelled GELLICO TYCSE for 33 gold pieces
 12619 | D:12     | Found a runed translucent gate.
 12620 | D:12     | Found a runed translucent gate.
 12620 | D:12     | Found a runed translucent gate.
 12621 | D:12     | Found an opulent altar of Gozag.
 12622 | D:12     | Noticed Curundu's ghost (journeyman MiBe)
 12645 | D:12     | Killed Curundu's ghost
 12990 | Lair:1   | Entered Level 1 of the Lair of Beasts
 13025 | Lair:1   | Reached skill level 13 in Unarmed Combat
 13242 | Lair:1   | Noticed Sonja
 13244 | Lair:1   | Noticed a boulder beetle
 13253 | Lair:1   | Killed Sonja
 13260 | Lair:1   | Killed a boulder beetle
 13261 | Lair:1   | Reached skill level 10 in Fighting
 13917 | Lair:1   | Reached XP level 13. HP: 77/93 MP: 13/13
 13922 | Lair:1   | Reached *** piety under Wu Jian
 14348 | Lair:2   | Found a hole to the Spider Nest.
 14361 | Lair:2   | Reached skill level 14 in Unarmed Combat
 14429 | Lair:2   | Reached skill level 5 in Shapeshifting
 14763 | Lair:2   | Found a staircase to the Swamp.
 14944 | Lair:2   | HP: 3/94 [swamp worm (12)]
 14952 | Lair:2   | Slain by a demonic crawler

Illustrated notes

Levels and vault maps discovered:
D:1:      lemuel_arrival_broad_hall, layout_basic
D:2:      layout_loops_cross, minmay_small_reverse_x
D:3:      layout_basic, uniq_ijyb
D:4:      layout_basic, serial_shops, nicolae_shop_behind_doors,
          minmay_door_square, uniq_robin
D:5:      layout_basic, minmay_temple_entry_hall, nrook_mini_vaults,
          uniq_grinder, uniq_duvessa, uniq_blork_the_orc
D:6:      layout_basic
D:7:      layout_basic, mainiacjoe_overflow_alcove_3, jmf_multi_god_temple2,
          grunt_qazlal_clouds
D:8:      layout_basic, nicolae_wu_jian_glorious_leap
D:9:      layout_cave_pods, david_lair_shrubbed, minmay_misc_feat_tower,
          nicolae_stop_n_shop_1, nicolae_shop_i_like_small_books_too, uniq_pikel
D:10:     layout_loops_ring, mainiacjoe_overflow_alcove_4, minivault_25
D:11:     layout_long_grid, orc_0_dummy, grunt_ministairs_4,
          nicolae_vehumet_radiance, uniq_erolcha
D:12:     layout_loops_ring, ebering_ghost_gozag, serial_shops,
          nicolae_shop_stone, tso_metal_star
Temple:   oiseaux_autumnal_temple
Lair:1:   layout_regular_city, grunt_megastairs_5, serial_bayou_shore_b,
          infiniplex_staircase_pool, lemuel_fruit_fields, uniq_sonja
Lair:2:   layout_gridlike, swamp_mist, nicolae_spider_entry_non_spiders,
          worms_lemuel, lemuel_fruit_fields

Skill      XL: |  1  2  3  4  5  6  7  8  9 10 11 12 13 |
---------------+----------------------------------------+-----
Stealth        | 1 2 3 4 5 6 |  6.0
Unarmed Combat | 3 4 5 6 8 9 11 13 14 | 14.5
Evocations     | 1 2 3 5 6 8 |  8.0
Shields        | 4 5 6 |  6.0
Dodging        | 4 5 6 7 8 |  8.0
Fighting       | 4 5 6 7 9 10 | 10.9
Shapeshifting  | 4 5 |  5.4

Action                     |  1- 3 |  4- 6 |  7- 9 | 10-12 | 13-15 || total
---------------------------+-------+-------+-------+-------+-------++-------
  Melee: Unarmed           |    60 |   141 |   172 |   416 |    91 ||   880
         Tentacles         |    10 |    25 |    40 |    87 |    19 ||   181
         Constrict         |    22 |    38 |    38 |    48 |    12 ||   158
         Punch             |       |     8 |    12 |    42 |     8 ||    70
  Throw: Stone             |     1 |     3 |     1 |       |       ||     5
         Boomerang         |       |       |     5 |    15 |       ||    20
 Invoke: Serpent's Lash    |       |       |       |       |     1 ||     1
Ability: Lunge             |       |       |       |    63 |     8 ||    71
         Whirlwind         |       |       |       |    35 |    17 ||    52
         Wall Jump         |       |       |       |    12 |     2 ||    14
  Evoke: Wand              |       |     1 |     9 |    36 |     1 ||    47
    Use: Scroll            |     4 |     7 |     4 |    11 |     1 ||    27
         Potion            |       |       |     3 |     9 |     6 ||    18
   Stab: Sleeping          |     8 |     9 |     6 |    13 |     4 ||    40
         Paralysed         |       |       |     8 |    24 |       ||    32
         Petrifying        |       |       |       |     1 |       ||     1
 Armour: Skin              |    19 |    48 |    58 |   142 |    48 ||   315
  Dodge: Dodged            |    27 |    43 |    89 |   180 |    26 ||   365
  Block: Buckler           |    16 |    18 |    50 |    98 |    16 ||   198
         Reflection        |       |     1 |     7 |     4 |       ||    12
